 Dungeon Crawl Stone Soup version 0.18.1-48-g4cf74bf (webtiles) character file.

22957 Gargoyl the Blocker (level 12, -1/93 HPs)
             Began as a Demonspawn Abyssal Knight on July 19, 2016.
             Was the Champion of Lugonu.
             Slain by a hill giant
             ... wielding a +0 giant spiked club
              (28 damage)
             ... on level 13 of the Dungeon.
             The game lasted 00:48:15 (15305 turns).

Gargoyl the Blocker (Demonspawn Abyssal Knight)    Turns: 15305, Time: 00:48:15

Health: -1/93      AC: 26    Str: 17    XL:     12   Next: 67%
Magic:  15/15      EV:  9    Int: 13    God:    Lugonu [******]
Gold:   824        SH: 19    Dex: 12    Spells: 0 memorised, 11 levels left

rFire  + . .     SeeInvis .     a - +3 hand axe (vamp)
rCold  + + .     Gourm    .     F - +3 chain mail {rF+}
rNeg   + . .     Faith    .     e - +5 shield
rPois  .         Spirit   .     (helmet restricted)
rElec  .         Dismiss  .     d - +2 cloak
rCorr  .         Reflect  .     P - +2 pair of gloves
SustAt .         Harm     .     D - +0 pair of boots
MR     ++...     Rnd*Tele +     K - amulet of regeneration
Stlth  ..........               n - ring of protection from magic
                                l - ring of positive energy

@: exhausted, slowed, very slow, very resistant to hostile enchantments,
extremely unstealthy
A: antennae 2, talons 1, large bone plates 2, blurry vision 1, cold resistance
2, dopey 1, magic resistance 1, powered by pain 1, teleportitis 2, evolution 1,
MP-powered wands
a: Depart the Abyss, Bend Space, Banish, Corrupt, Enter the Abyss, Brand Weapon
With Distortion, Renounce Religion


You were on level 13 of the Dungeon.
You worshipped Lugonu.
Lugonu was exalted by your worship.
You were hungry.

You visited 1 branch of the dungeon, and saw 14 of its levels.
You visited the Abyss 1 time.
You also visited: Ossuary.

You collected 824 gold pieces.

Inventory:

Hand Weapons
 a - a +3 vampiric hand axe (weapon)
 f - a +0 war axe
 x - a +3 war axe of protection
 Q - a +2 war axe of flaming
Missiles
 q - a tomahawk (quivered)
 G - 4 javelins
Armour
 d - a +2 cloak (worn)
 e - a +5 shield (worn)
 D - a +0 pair of boots (worn)
 F - a +3 chain mail of fire resistance (worn)
 P - a +2 pair of gloves (worn)
Jewellery
 l - a ring of positive energy (left hand)
 n - a ring of protection from magic (right hand)
 u - an uncursed ring of poison resistance
 K - an amulet of regeneration (around neck)
 L - an uncursed ring of protection from cold
Wands
 i - a wand of digging (13/24)
 E - a wand of hasting (2/9)
 H - a wand of slowing (23/48)
 M - a wand of digging (10/24)
 N - a wand of random effects (29/48)
 O - a wand of iceblast (10/15)
Scrolls
 g - 2 scrolls of fear
 h - 2 scrolls of identify
 m - 2 scrolls of recharging
 o - 7 scrolls of remove curse
 s - 3 scrolls of amnesia
 t - 3 scrolls of magic mapping
 z - 3 scrolls of fog
 A - 3 scrolls of enchant weapon
 J - a scroll of summoning
Potions
 k - a potion of haste
 p - 5 potions of curing
 r - 2 potions of brilliance
 w - a potion of heal wounds
 C - 2 potions of magic
 I - a potion of invisibility
 R - a potion of flight
Books
 y - Sif Muna's Tome of Good Luck
   (You found it on level 5 of the Dungeon)

   Spells                             Type                      Level
   a - Infusion                       Charms                       1
Comestibles
 b - 11 slices of pizza
 c - 8 bread rations
 j - 4 beef jerkies
 v - 6 meat rations
 B - a royal jelly


   Skills:
 + Level 8.2 Fighting
 + Level 9.0 Axes
 * Level 10.1 Armour
 + Level 7.2 Dodging
 + Level 1.2 Stealth
 + Level 10.3 Shields
 + Level 5.1 Invocations


You had 11 spell levels left.
You didn't know any spells.

Dungeon Overview and Level Annotations

Branches:
Dungeon (14/15)            Temple (0/1) D:4            Lair (0/8) D:11
    Orc (0/2) D:11
 Vaults: D:13-14

Altars:
Ashenzari
Cheibriados
Dithmenos
Gozag
Kikubaaqudgha
Okawaru
Pakellas
Ru
Sif Muna
Trog
Vehumet
Xom
Zin

Shops:
D:9 (   D:10 }   D:13 %

Annotations:
D:7 Prince Ribbit
Abyss:1 Snorg


Innate Abilities, Weirdness & Mutations

You have a pair of antennae on your head.
You are mostly covered in large bone plates (AC +3, SH +3).
Your flesh is very cold resistant.
You sometimes gain a little power by taking damage.
You have sharp toenails.
Scrolls take you a little longer to read.
You are dopey. (Int -2)
You are resistant to hostile enchantments.
You are sometimes teleported next to monsters.
You evolve.
You expend magic power (3 MP) to strengthen your wands.


Message History

Something hits you but does no damage.
The hill giant hits you but does no damage.
You hit the hill giant.
The hill giant is heavily wounded.
Something hits you but does no damage.
Your shield and chain mail prevent you from hitting the hill giant.
The hill giant is heavily wounded.
Something hits you but does no damage. You block the hill giant's attack.
You hit the hill giant.
The hill giant is heavily wounded.
You block something's attack. You block the hill giant's attack.
You slash the hill giant!
You feel better.
The hill giant is severely wounded.
The hill giant hits you but does no damage.
Something hits you but does no damage.
You slash the hill giant!
The hill giant is severely wounded.
You block something's attack.
The hill giant hits you with a giant spiked club!!
You die...

#..................#
#...................
#...................
#...................
#...................
#>.............[....
#>..................
#>C.................
#..@................
#..{................
#...{...............
#...................
#..................#
#............#....##
#...........###....#
#..........## ##†...
#...........###.....


You could see a hill giant.

Vanquished Creatures
  Erolcha (D:12)
  A centaur warrior (D:13)
  4 hill giants
  A lindwurm (shapeshifter) (D:13)
  The ghost of Doomgape the Arsonist, a novice DrWn of Nemelex Xobeh (D:5)
  A deep elf mage (D:13)
  3 ugly things
  A guardian serpent (shapeshifter) (D:13)
  A centaur zombie (D:14)
  5 centaur skeletons
  2 gargoyles
  A kobold demonologist (D:12)
  A tengu conjurer (D:14)
  2 trolls
  A polar bear (D:9)
  A two-headed ogre (D:11)
  3 slime creatures (D:13)
  2 yaks (D:9)
  2 shadows
  3 wyverns
  A steam dragon (D:10)
  Grum (D:8)
  3 vampire mosquitoes (D:14)
  A human (D:11)
  2 hippogriffs
  A mottled dragon (D:12)
  Edmund (D:4)
  6 ice beasts
  2 sky beasts
  3 black bears
  3 orc warriors
  2 wasps
  4 necrophages
  A phantom (D:9)
  An eye of draining (D:11)
  7 ogres
  5 centaurs
  4 wolves
  2 crocodiles (D:12)
  5 big kobolds
  7 giant frogs
  2 gnoll sergeants (D:11)
  A water moccasin skeleton (D:5)
  6 scorpions
  12 killer bees
  18 wights
  8 howler monkeys
  7 crimson imps
  2 giant frog zombies (D:5)
  A wasp zombie (D:9)
  A quasit (D:13)
  A jelly (D:12)
  9 hounds
  11 orc priests
  8 orc wizards
  A giant frog skeleton (D:7)
  6 iguanas
  6 worker ants
  A centaur simulacrum (D:9)
  A giant frog simulacrum (D:9)
  A hound zombie (D:8)
  A hound skeleton (D:9)
  12 mummies (Ossuary)
  9 gnolls (D:11)
  19 adders
  A hound simulacrum (D:9)
  5 shadow imps
  3 white imps (D:9)
  An ufetubus (D:9)
  2 oozes
  An adder skeleton (D:4)
  A worm (D:4)
  6 giant geckos
  48 orcs
  4 giant cockroaches
  7 goblins
  5 hobgoblins
  9 jackals
  5 quokkas
  3 ball pythons
  8 bats
  6 giant newts
  2 gnoll skeletons (Ossuary)
  3 goblin skeletons (Ossuary)
  19 kobolds
  3 kobold skeletons (Ossuary)
  9 rats
  11 rat skeletons (Ossuary)
405 creatures vanquished.

Vanquished Creatures (collateral kills)
  A giant gecko (D:4)
1 creature vanquished.

Vanquished Creatures (others)
  A hydra (D:11)
  3 unseen horrors
  2 hungry ghosts
  A crimson imp (D:10)
  An orc (D:13)
8 creatures vanquished.

Grand Total: 414 creatures vanquished

Notes
Turn   | Place    | Note
--------------------------------------------------------------
     0 | Abyss:1  | Gargoyl the Demonspawn Abyssal Knight began the quest for the Orb.
     0 | Abyss:1  | Reached XP level 1. HP: 18/18 MP: 2/2
    89 | Abyss:2  | Found a corrupted altar of Lugonu.
   158 | Abyss:2  | Noticed a starcursed mass
   158 | D:1      | Escaped the Abyss
   387 | D:1      | Reached skill level 1 in Dodging
   446 | D:1      | Reached * piety under Lugonu
   476 | D:1      | Gained mutation: You are partially covered in large bone plates (AC +2, SH +2). [demonic ancestry]
   476 | D:1      | Reached XP level 2. HP: 6/24 MP: 3/3
  1739 | D:2      | Gained mutation: You are mostly covered in large bone plates (AC +3, SH +3). [demonic ancestry]
  1739 | D:2      | Reached XP level 3. HP: 29/29 MP: 5/5
  2388 | D:2      | Reached ** piety under Lugonu
  2548 | D:3      | Found a snail-covered altar of Cheibriados.
  2574 | D:3      | Reached XP level 4. HP: 33/35 MP: 6/6
  2981 | D:3      | Found an opulent altar of Gozag.
  3446 | D:4      | Found a sand-covered staircase.
  3451 | Ossuary  | Entered an ossuary
  3483 | Ossuary  | Gained mutation: You have a pair of small antennae on your head. [demonic ancestry]
  3483 | Ossuary  | Reached XP level 5. HP: 32/41 MP: 7/7
  4250 | Ossuary  | Gained mutation: You sometimes gain a little power by taking damage. [demonic ancestry]
  4250 | Ossuary  | Reached XP level 6. HP: 45/48 MP: 8/8
  4451 | D:4      | Reached skill level 1 in Shields
  4630 | D:4      | Found a staircase to the Ecumenical Temple.
  4650 | D:4      | Reached *** piety under Lugonu
  5119 | D:5      | Entered Level 5 of the Dungeon
  5151 | D:5      | Gained mutation: Your flesh is cold resistant. [demonic ancestry]
  5151 | D:5      | Reached XP level 7. HP: 55/55 MP: 9/9
  5205 | D:5      | Found an iron altar of Okawaru.
  5209 | D:5      | Found a bloodstained altar of Trog.
  5211 | D:5      | Found a sacrificial altar of Ru.
  5214 | D:5      | Found a shadowy altar of Dithmenos.
  5221 | D:5      | Found an oddly glowing altar of Pakellas.
  5268 | D:5      | Found an ancient bone altar of Kikubaaqudgha.
  5268 | D:5      | Found a deep blue altar of Sif Muna.
  5270 | D:5      | Found a radiant altar of Vehumet.
  5277 | D:5      | Identified Sif Muna's Tome of Good Luck
  5338 | D:5      | Noticed Edmund
  5342 | D:5      | Noticed Doomgape's ghost (novice DrWn)
  5499 | D:4      | Killed Edmund
  5530 | D:5      | Gained mutation: You are weak. (Str -2) [potion of mutation]
  5530 | D:5      | Gained mutation: You evolve. [potion of mutation]
  5530 | D:5      | Gained mutation: You are dopey. (Int -2) [potion of mutation]
  5554 | D:5      | Killed Doomgape's ghost
  5554 | D:5      | Reached skill level 5 in Fighting
  5554 | D:5      | Reached skill level 5 in Armour
  5554 | D:5      | Gained mutation: You have a pair of antennae on your head. [demonic ancestry]
  5554 | D:5      | Reached XP level 8. HP: 44/62 MP: 10/10
  5559 | D:4      | Gained mutation: Scrolls take you a little longer to read. [potion of mutation]
  5559 | D:4      | Gained mutation: You are resistant to electric shocks. [potion of mutation]
  5560 | D:4      | Gained mutation: You rapidly evolve. [potion of mutation]
  5560 | D:4      | Gained mutation: You are occasionally teleported next to monsters. [potion of mutation]
  5740 | D:4      | Gained mutation: Your flesh is very cold resistant. [mutagenic meat]
  6143 | D:6      | Gained mutation: You have sharp toenails. [evolution]
  6143 | D:6      | Lost mutation: You rapidly evolve. [end of evolution]
  6351 | D:6      | Reached **** piety under Lugonu
  6741 | D:6      | Found a shattered altar of Ashenzari.
  7119 | D:7      | Found a glowing silver altar of Zin.
  7200 | D:7      | Reached XP level 9. HP: 67/68 MP: 11/11
  7231 | D:7      | Reached skill level 5 in Axes
  7305 | D:7      | Reached skill level 5 in Shields
  7311 | D:7      | Reached skill level 1 in Stealth
  7924 | D:7      | Noticed Prince Ribbit
  8561 | D:8      | Noticed Grum
  8593 | D:8      | Killed Grum
  8593 | D:8      | Reached ***** piety under Lugonu
  8593 | D:8      | Reached skill level 5 in Dodging
  8887 | D:8      | Reached XP level 10. HP: 71/76 MP: 12/12
  8970 | D:8      | Lost mutation: You are weak. (Str -2) [potion of mutation]
  8970 | D:8      | Gained mutation: You expend magic power (3 MP) to strengthen your wands. [potion of mutation]
  8970 | D:8      | Lost mutation: You are resistant to electric shocks. [potion of mutation]
  9550 | D:8      | Gained mutation: You are sometimes teleported next to monsters. [evolution]
  9911 | D:9      | Found Zuziudyd's Antique Weapon Boutique.
 10547 | D:10     | Entered Level 10 of the Dungeon
 10696 | D:10     | Noticed a gargoyle
 10753 | D:10     | Killed a gargoyle
 10947 | D:10     | Noticed a hill giant
 10978 | D:10     | Killed a hill giant
 11035 | D:10     | Noticed a hill giant
 11070 | D:11     | Noticed a purple ugly thing
 11103 | D:11     | Killed a purple ugly thing
 11103 | D:11     | Reached XP level 11. HP: 57/83 MP: 13/13
 11501 | D:10     | Noticed a white ugly thing
 11525 | D:10     | Killed a hill giant
 11526 | D:10     | Killed a white ugly thing
 11538 | D:10     | Noticed a hill giant
 11552 | D:10     | Killed a hill giant
 11702 | D:10     | Gained mutation: You are resistant to hostile enchantments. [evolution]
 11964 | D:10     | Found Sufol's Gadget Boutique.
 12122 | D:11     | Found a staircase to the Orcish Mines.
 12190 | D:11     | Reached ****** piety under Lugonu
 12749 | D:11     | Noticed a seven-headed hydra
 12751 | D:11     | Banished a seven-headed hydra
 12814 | D:11     | Found a staircase to the Lair.
 13209 | D:12     | Noticed a red ugly thing
 13209 | D:12     | Noticed a deep elf mage
 13210 | D:12     | Noticed Erolcha
 13231 | D:13     | Found a shimmering altar of Xom.
 13320 | D:13     | Killed a deep elf mage
 13324 | D:13     | Found a shimmering altar of Xom.
 13326 | D:13     | Found a shimmering altar of Xom.
 13339 | D:13     | Found a shimmering altar of Xom.
 13339 | D:13     | Found a shimmering altar of Xom.
 13349 | D:13     | Found a shimmering altar of Xom.
 13389 | D:12     | Killed a purple ugly thing
 13394 | D:12     | Killed Erolcha
 13570 | D:12     | Banished an unseen horror
 13570 | D:12     | Reached XP level 12. HP: 80/91 MP: 14/14
 14382 | D:13     | Found a shimmering altar of Xom.
 14384 | D:13     | Found a shimmering altar of Xom.
 14556 | D:13     | Found Pit Irphauz's Food Shoppe.
 14619 | D:13     | Noticed Snorg
 14646 | D:13     | Banished Snorg
 14646 | D:13     | Reached skill level 10 in Shields
 14681 | D:13     | Noticed a centaur warrior
 14724 | D:13     | Killed a centaur warrior
 14786 | D:13     | Reached skill level 5 in Invocations
 15031 | D:13     | Reached skill level 10 in Armour
 15288 | D:14     | Noticed a centaur warrior
 15305 | D:13     | Slain by a hill giant

Skill      XL: |  1  2  3  4  5  6  7  8  9 10 11 12 |
---------------+-------------------------------------+-----
Dodging        | 1 2 3 4 5 6 7 |  7.2
Axes           | 2 3 4 5 7 8 9 |  9.0
Armour         | 2 3 4 5 6 8 9 10 | 10.1
Fighting       | 4 5 6 7 8 |  8.2
Shields        | 1 3 4 6 8 9 10 | 10.3
Stealth        | 1 |  1.2
Invocations    | 3 5 |  5.1

Action                   |  1- 3 |  4- 6 |  7- 9 | 10-12 || total
-------------------------+-------+-------+-------+-------++-------
Melee: Hand axe          |   165 |   284 |   738 |  1523 ||  2710
Throw: Tomahawk          |       |       |       |     1 ||     1
Invok: Depart the Abyss  |     1 |       |       |       ||     1
       Banish            |       |       |     1 |    11 ||    12
       Bend Space        |       |       |       |     2 ||     2
Evoke: Wand              |       |       |       |     2 ||     2
  Use: Potion            |     1 |     2 |    18 |     9 ||    30
       Scroll            |       |    20 |     4 |    11 ||    35
 Stab: Invisible         |       |       |     1 |       ||     1
  Eat: Chunk             |     5 |     6 |    14 |    16 ||    41
       Fruit             |       |     4 |     3 |     4 ||    11
       Pizza             |       |       |     1 |       ||     1
       Royal jelly       |       |       |     1 |       ||     1
       Meat ration       |       |       |       |     2 ||     2
Armor: Leather armour    |    82 |       |       |       ||    82
       Chain mail        |    33 |   111 |   372 |   779 ||  1295
Dodge: Dodged            |   139 |    42 |   134 |   385 ||   700
Block: Other             |    28 |     7 |       |       ||    35
       Shield            |       |   124 |   787 |  1692 ||  2603
